 Dungeon Sprint DCSS version 0.24-a0-582-g4d4af81 (webtiles) character file.

Game seed: 4357876428867199206

109 silentkaos13 the Skirmisher (level 4, 0/40 HPs)
             Began as a Demonspawn Fighter on Aug 26, 2019.
             Slain by Sigmund
             ... wielding a +0 scythe
              (3 damage)
             ... in the Dungeon (Sprint I: "Red Sonja").
             The game lasted 00:00:50 (343 turns).

silentkaos13 the Skirmisher (Demonspawn Fighter)     Turns: 343, Time: 00:00:51

Health: 0/40       AC:  7    Str: 17    XL:     4   Next: 60%
Magic:  4/4        EV:  7    Int: 10    God:
Gold:   54         SH:  9    Dex: 12    Spells: 3/3 levels left

rFire    . . .     SeeInvis .   a - +0 war axe
rCold    . . .     Gourm    .   c - +0 shield
rNeg     . . .     Faith    .   b - +0 scale mail
rPois    .         Spirit   .   (no helmet)
rElec    .         Reflect  .   (no cloak)
rCorr    .         Harm     .   (no gloves)
MR       .....     NoTele   +   (no boots)
Stlth    ..........             (no amulet)
HPRegen  0.13/turn              (no ring)
MPRegen  0.09/turn              (no ring)

@: no status effects
A: talons 2, spiny 1
a: no special abilities


You were in the Dungeon.
You were not hungry.

You visited 1 branch You collected 54 gold pieces.

Inventory:

Hand Weapons
 a - a +0 war axe (weapon)
Armour
 b - a +0 scale mail (worn)
 c - a +0 shield (worn)
Wands
 l - a wand of digging (4)
Scrolls
 k - a scroll of blinking
Potions
 d - a potion of might
 e - a potion of curing
 g - a potion of heal wounds
 h - a potion of haste
 i - 2 potions of magic
 j - a potion of berserk rage
Comestibles
 f - a ration


   Skills:
 + Level 5.6 Fighting
 + Level 4.0 Axes
 + Level 5.1 Armour
 + Level 0.3 Dodging
 + Level 4.9 Shields


You had 3 spell levels left.
You didn't know any spells.
Your spell library was empty.

Dungeon Overview and Level Annotations

Branches:
Dungeon (1/1)

Altars:

Annotations:
D Sigmund


Innate Abilities, Weirdness & Mutations

You have razor-sharp toenails.
You are partially covered in sharp spines.


Message History

Sigmund mumbles some strange words.
Sigmund flickers and vanishes!
Deactivating autopickup; reactivate with Ctrl-A.
You miss something. You claw something. Something hits you!
You closely miss something. Something hits you!
You hit something. Something hits you but does no damage.
You miss something. Something hits you!
You closely miss something. Something completely misses you.
You closely miss something. You claw something.
Something hits you but does no damage.
You hit something but do no damage. Something hits you!
* * * LOW HITPOINT WARNING * * *
You closely miss something. You closely miss something. Something hits you.
* * * LOW HITPOINT WARNING * * *
You miss something. You claw something. Something hits you.
* * * LOW HITPOINT WARNING * * *
Your shield and scale mail prevent you from hitting something.
You claw something. Something hits you.
You die...

#############
#<.#..)..#..+
#..').#..@{.#
#..#####'####
#..# #..#
#..# ####
#..# #⌠⌠#
####


There were no monsters in sight!

Vanquished Creatures
  An ogre (D)
  Ijyb (D)
2 creatures vanquished.

Notes
Turn   | Place    | Note
-------+----------+-------------------------------------------
     0 | D        | silentkaos13 the Demonspawn Fighter began the quest for the
                  | Orb.
     0 | D        | Reached XP level 1. HP: 18/18 MP: 1/1
     1 | D        | Noticed Ijyb
    17 | D        | Killed Ijyb
    17 | D        | Gained mutation: You have sharp toenails. [demonic
                  | ancestry]
    17 | D        | Reached XP level 2. HP: 21/25 MP: 2/2
    62 | D        | Noticed an ogre
    69 | D        | Killed an ogre
    69 | D        | Reached skill level 5 in Fighting
    69 | D        | Reached skill level 5 in Armour
    69 | D        | Gained mutation: You have razor-sharp toenails. [demonic
                  | ancestry]
    69 | D        | Reached XP level 3. HP: 6/34 MP: 3/3
    69 | D        | Gained mutation: You are partially covered in sharp spines.
                  | [demonic ancestry]
    69 | D        | Reached XP level 4. HP: 7/40 MP: 4/4
   329 | D        | Noticed Sigmund
   342 | D        | HP: 2/40 [something (4)]
   343 | D        | Slain by Sigmund

Levels and vault maps discovered:
D:        dungeon_sprint_1 [red_sonja_temple_1, red_sonja_temple_small_1]

Skill      XL: |  1  2 |
---------------+-------+-----
Fighting       | 4 5 |  5.6
Axes           | 2 4 |  4.0
Armour         | 3 5 |  5.1
Shields        | 3 4 |  4.9
Dodging        | |  0.3

Action                   |  1- 3 |  4- 6 || total
-------------------------+-------+-------++-------
Melee: War axe           |    21 |    13 ||    34
       Kick              |     3 |     4 ||     7
Armor: Scale mail        |     5 |     2 ||     7
Dodge: Dodged            |     4 |     2 ||     6
Block: Shield            |     8 |     1 ||     9

Table legend:
 A = Non-vault XP
 B = Vault XP
 C = Vault XP percentage of total XP
 D = Non-vault monster count
 E = Vault monster count
 F = Vault count percentage of total count
                 A         B        C        D         E       F
            +---------+---------+-------+---------+---------+-------
      Total |       0 |     157 | 100.0 |       0 |       2 | 100.0
            +---------+---------+-------+---------+---------+-------
          D |       0 |     157 | 100.0 |       0 |       2 | 100.0
            +---------+---------+-------+---------+---------+-------
